Map: [ESL] Cosmic Sapphire

Players

Zoun

  • Race: Protoss Protoss
  • Spawn Location: 11:00

Astrea - Winner!

  • Race: Protoss Protoss
  • League: Master
  • Spawn Location: 5:00

Event: HomeStory Cup XXII

VOD

Have the link to the VOD?

Description

Time

  • Played on: Dec. 16, 2022, 5:55 a.m.
  • Length: 11:26

All games in this series

Show
View Real Time Build Order
Export as new Build Order

Zoun Protoss 

Build Orders: Blink Stalkers 

Get SALT Encoding   

  12  0:00  Probe  
  13  0:12  Probe  
  14  0:17  Pylon  
  14  0:24  Probe (Chrono Boost)  
  16  0:36  Gateway, Probe (Chrono Boost)  
  16  0:43  Probe (Chrono Boost)  
  16  0:45  Assimilator  
  17  0:50  Probe  
  18  0:58  Assimilator  
  18  1:03  Probe (Chrono Boost)  
  19  1:07  Gateway  
  19  1:13  Probe (Chrono Boost)  
  19  1:18  Probe (Chrono Boost)  
  20  1:23  Cybernetics Core  
  21  1:29  Probe  
  22  1:37  Pylon  
  22  1:41  Probe  
  23  1:55  Probe  
  23  1:58  Warp Gate (Chrono Boost)  
  23  2:00  Stalker x2  
  28  2:10  Shield Battery  
  28  2:16  Pylon  
  29  2:22  Probe  
  29  2:27  Pylon  
  29  2:31  Sentry  
  29  2:34  Sentry  
  33  2:49  Nexus  
  33  2:52  Shield Battery  
  33  2:59  Shield Battery  
  33  3:02  Probe  
  34  3:13  Twilight Council  
  34  3:21  Shield Battery  
  34  3:27  Shield Battery  
  34  3:29  Probe  
  35  3:35  Pylon  
  35  3:37  Shield Battery  
  35  3:39  Stalker  
  37  3:47  Stalker  
  37  3:48  Blink (Chrono Boost)  
  39  3:54  Probe (Chrono Boost)  
  40  4:03  Probe (Chrono Boost)  
  42  4:11  Probe (Chrono Boost)  
  42  4:12  Probe (Chrono Boost), Stalker  
  45  4:17  Probe  
  45  4:20  Probe  
  47  4:24  Stalker  
  47  4:29  Probe  
  50  4:33  Probe  
  49  4:40  Pylon  
  49  4:41  Gateway  
  49  4:42  Probe  
  50  4:48  Stalker  
  50  4:52  Probe  
  53  4:58  Gateway  
  53  4:59  Probe  
  51  5:04  Probe  
  51  5:06  Stalker  
  54  5:11  Probe  
  55  5:20  Probe, Stalker  
  58  5:23  Probe  
  59  5:30  Pylon  
  59  5:33  Probe  
  60  5:35  Probe  
  60  5:36  Stalker  
  60  5:37  Stalker  
  65  5:43  Pylon  
  65  5:44  Stalker  
  67  5:53  Stalker  
  67  5:56  Probe  
  70  5:59  Stalker  
  70  6:00  Stalker  
  74  6:12  Probe  
  74  6:16  Probe  
  72  6:20  Nexus  
  72  6:22  Pylon  
  72  6:25  Adept x2  
  76  6:34  Assimilator  
  76  6:35  Stalker x2  
  80  6:40  Probe x2  
  82  6:52  Probe  
  82  6:53  Gateway  
  83  6:56  Gateway, Stalker  
  83  6:57  Stalker  
  83  6:59  Probe  
  84  7:09  Probe  
  84  7:13  Probe  
  84  7:16  Stalker x2  
  84  7:21  Probe  
  85  7:25  Probe  
  85  7:27  Forge  
  80  7:30  Stalker x2  
  80  7:33  Probe, Pylon  
  80  7:34  Probe (Chrono Boost)  
  84  7:37  Probe (Chrono Boost)  
  84  7:39  Charge  
  84  7:43  Stalker x2  
  87  7:45  Probe (Chrono Boost)  
  87  7:46  Probe (Chrono Boost)  
  87  7:49  Probe (Chrono Boost)  
  90  7:54  Protoss Ground Weapons Level 1 (Chrono Boost), Probe (Chrono Boost)  
  90  7:57  Stalker x2  
  95  8:06  Probe  
  95  8:07  Robotics Facility  
  96  8:13  Stalker  
  96  8:14  Probe x2  
  98  8:26  Robotics Facility  
  98  8:27  Shield Battery, Pylon  
  98  8:29  Photon Cannon  
  98  8:30  Pylon  
  98  8:31  Probe x2, Assimilator  
  98  8:32  Probe  
  101  8:35  Sentry  
  103  8:43  Gateway  
  103  8:44  Gateway, Photon Cannon  
  103  8:49  Shield Battery, Zealot  
  103  8:52  Zealot  
  107  8:58  Stalker x2  
  111  9:05  Stalker x2  
  115  9:13  Zealot x2  
  119  9:18  Pylon x2  
  119  9:24  Zealot x2  
  119  9:27  Warp Prism  
  125  9:37  Robotics Bay  
  123  9:41  Nexus  
  123  9:46  Pylon  
  123  9:53  Zealot  
  123  9:59  Zealot x3  
  129  10:00  Zealot  
  129  10:03  Probe x3  
  129  10:04  Observer  
  134  10:11  Stalker x2  
  134  10:13  Stalker  
  138  10:16  Probe x2  
  138  10:21  Shield Battery  
  138  10:23  Photon Cannon  
  138  10:24  Disruptor (Chrono Boost)  
  139  10:29  Zealot  
  144  10:36  Disruptor (Chrono Boost)  
  144  10:39  Pylon  
  144  10:40  Zealot  
  129  10:43  Zealot  
  129  10:46  Zealot x2  
  129  10:47  Zealot x3  
  126  10:57  Zealot  
  114  11:02  Pylon  
  96  11:05  Zealot x3  
Show
View Real Time Build Order
Export as new Build Order

Astrea Protoss - Winner!

Build Orders: Oracle Opening 

Get SALT Encoding   

  12  0:00  Probe  
  13  0:12  Probe  
  14  0:17  Pylon  
  14  0:24  Probe (Chrono Boost)  
  15  0:36  Gateway, Probe (Chrono Boost)  
  16  0:44  Probe (Chrono Boost)  
  16  0:45  Assimilator  
  17  0:51  Probe  
  17  0:53  Assimilator  
  18  1:03  Probe (Chrono Boost)  
  19  1:06  Gateway  
  20  1:12  Probe (Chrono Boost)  
  20  1:17  Probe (Chrono Boost)  
  20  1:23  Cybernetics Core  
  21  1:29  Probe  
  22  1:34  Pylon  
  22  1:41  Probe  
  23  1:53  Probe  
  24  1:59  Adept, Stalker  
  24  2:00  Warp Gate  
  28  2:05  Probe  
  29  2:09  Pylon  
  29  2:28  Stargate  
  29  2:34  Stalker  
  30  2:52  Nexus  
  30  2:57  Probe  
  31  3:09  Oracle (Chrono Boost)  
  31  3:11  Probe  
  34  3:21  Pylon  
  34  3:23  Probe  
  35  3:35  Probe  
  35  3:36  Oracle (Chrono Boost)  
  39  3:44  Twilight Council  
  39  3:47  Probe  
  40  3:59  Probe  
  40  4:01  Gateway  
  41  4:06  Probe (Chrono Boost)  
  41  4:07  Adept  
  44  4:14  Blink (Chrono Boost)  
  46  4:17  Probe (Chrono Boost)  
  46  4:18  Probe (Chrono Boost)  
  46  4:24  Probe (Chrono Boost)  
  47  4:25  Probe (Chrono Boost)  
  48  4:33  Probe  
  48  4:35  Probe  
  51  4:45  Probe  
  51  4:47  Probe  
  50  4:58  Probe, Stalker x3  
  56  5:00  Probe  
  56  5:01  Pylon  
  56  5:11  Nexus  
  56  5:15  Pylon  
  56  5:17  Probe  
  57  5:22  Forge  
  57  5:29  Stalker x2  
  57  5:32  Stalker  
  63  5:37  Probe  
  63  5:38  Shield Battery, Probe  
  65  5:44  Assimilator  
  65  5:48  Robotics Facility  
  65  5:49  Probe  
  66  5:50  Probe  
  67  6:02  Probe x2  
  69  6:05  Stalker x3  
  75  6:14  Probe x2  
  73  6:24  Probe (Chrono Boost)  
  74  6:26  Probe (Chrono Boost)  
  74  6:27  Probe (Chrono Boost)  
  74  6:28  Stalker x2  
  74  6:29  Stalker  
  74  6:32  Protoss Ground Weapons Level 1 (Chrono Boost)  
  82  6:37  Probe (Chrono Boost)  
  82  6:38  Probe x2 (Chrono Boost)  
  86  6:42  Probe (Chrono Boost)  
  86  6:43  Probe x2 (Chrono Boost)  
  88  6:51  Stalker x2  
  88  6:52  Probe  
  88  6:53  Stalker  
  93  6:54  Probe  
  93  6:56  Probe  
  91  7:04  Probe  
  84  7:11  Probe x2  
  84  7:13  Pylon  
  84  7:15  Stalker x2  
  85  7:16  Stalker  
  85  7:18  Probe  
  88  7:23  Probe  
  88  7:27  Probe  
  86  7:30  Probe  
  86  7:34  Immortal (Chrono Boost)  
  86  7:35  Probe  
  92  7:39  Probe  
  92  7:42  Probe  
  92  7:45  Gateway  
  92  7:46  Gateway  
  92  7:47  Probe  
  92  7:49  Stalker x2, Assimilator  
  92  7:50  Gateway  
  96  7:51  Probe  
  96  7:52  Stalker  
  96  7:53  Gateway  
  96  7:55  Gateway  
  97  8:03  Photon Cannon  
  96  8:16  Pylon  
  96  8:17  Pylon  
  96  8:18  Pylon  
  96  8:19  Warp Prism (Chrono Boost), Pylon  
  100  8:23  Stalker  
  97  8:28  Adept x2, Protoss Ground Weapons Level 2 (Chrono Boost)  
  101  8:35  Charge  
  101  8:42  Stalker  
  101  8:43  Nexus  
  101  8:47  Zealot x4  
  101  8:48  Observer (Chrono Boost)  
  112  8:52  Zealot x2, Pylon  
  116  8:57  Zealot  
  118  9:10  Dark Shrine  
  118  9:17  Zealot x8  
  133  9:36  Shield Battery  
  133  9:38  Zealot x4  
  133  9:42  Pylon x2  
  140  9:46  Zealot  
  133  10:11  Nexus, Zealot x5  
  133  10:12  Zealot x3  
  149  10:14  Pylon  
  149  10:23  Assimilator  
  149  10:29  Pylon  
  149  10:30  Pylon  
  149  10:32  Probe  
  148  10:42  Zealot x8  
  134  10:53  Probe x3  
  134  10:56  Pylon  
  123  11:05  Stalker x3  
  123  11:06  Stalker x3  
  123  11:07  Probe  
  123  11:11  Probe  
  129  11:12  Probe  
Tags
 
Add a new tag
Caveats
  • Supply blocks, unpowered buildings, or Contaminate may cause inaccurate times.
  • Supply counts are checked every 10 seconds.